 Dungeon Crawl Stone Soup version 0.28.0-53-g5a82cb258f (webtiles) character file.

Game seed: 7004058542306847834

3 H0rd4k the Charlatan (level 1, 0/15 HPs)
             Began as a Human Artificer on Aug 9, 2022.
             Slain by a kobold
             ... wielding a +0 dagger
              (3 damage)
             ... on level 1 of the Dungeon.
             The game lasted 00:00:15 (381 turns).

H0rd4k the Charlatan (Human Artificer)               Turns: 381, Time: 00:00:15

Health: 0/15       AC:  3    Str: 12    XL:     1   Next: 55%
Magic:  1/1        EV: 11    Int: 11    God:
Gold:   27         SH:  0    Dex: 13    Spells: 0/0 levels left

rFire   . . .      SeeInvis .   a - +0 club
rCold   . . .      Faith    .   (no shield)
rNeg    . . .      Spirit   .   b - +0 leather armour
rPois   .          Reflect  .   (no helmet)
rElec   .          Harm     .   (no cloak)
rCorr   .          Rampage  .   (no gloves)
Will    .....                   (no boots)
Stlth   +.........              (no amulet)
HPRegen 0.05/turn               (no ring)
MPRegen 0.07/turn               (no ring)

@: no status effects
A: no striking features
a: no special abilities


You were on level 1 of the Dungeon.
You visited 1 branch of the dungeon, and saw 1 of its levels.

You collected 27 gold pieces.

Inventory:

Hand Weapons
 a - a +0 club (weapon)
Armour
 b - a +0 leather armour (worn)
Wands
 c - a wand of flame (15) (quivered)
 d - a wand of charming (15)
Scrolls
 f - a scroll of enchant weapon {unknown}
Potions
 g - a potion of berserk rage {unknown}
Miscellaneous
 e - a piece from Xom's chessboard (15/15)


   Skills:
 + Level 1.0 Fighting
 - Level 2.0 Armour
 + Level 1.0 Dodging
 - Level 1.0 Stealth
 + Level 3.2 Evocations


You couldn't memorise any spells.
You didn't know any spells.
Your spell library was empty.

Dungeon Overview and Level Annotations

Branches:
Dungeon (1/15)

Altars:


Message History

There is a stone staircase leading down here.
Found a stone staircase leading down.
No target in view!
A giant cockroach and a hobgoblin come into view.
You see here 15 gold pieces.
There are monsters nearby!
A goblin comes into view. It is wielding a +0 dagger.
The goblin shouts!
The hobgoblin shouts!
A kobold comes into view. It is wielding a +0 dagger.
The giant cockroach bites you.
The goblin moves out of view.
There are monsters nearby!
The kobold shouts!
You hit the giant cockroach but do no damage.
The giant cockroach bites you.
There are monsters nearby!
You closely miss the giant cockroach. The giant cockroach barely misses you.
The giant cockroach misses you. The hobgoblin closely misses you.
You hit the giant cockroach.
The giant cockroach is heavily wounded.
The giant cockroach closely misses you.
An endoplasm comes into view.
The hobgoblin hits you. The goblin hits you but does no damage.
You hit the giant cockroach.
You kill the giant cockroach!
The hobgoblin misses you. The goblin hits you with a +0 dagger.
An endoplasm comes into view.
Unknown command.
The kobold hits you but does no damage.
The hobgoblin hits you but does no damage.
Found 9 gold pieces.
The kobold throws a stone.
The stone closely misses you.
You barely miss the goblin. The goblin hits you with a +0 dagger.
The goblin hits you but does no damage.
You closely miss the goblin. The goblin hits you with a +0 dagger.
You miss the goblin. The goblin hits you with a +0 dagger.
* * * LOW HITPOINT WARNING * * *
You closely miss the goblin. The goblin closely misses you.
You hit the goblin.
You kill the goblin!
The kobold hits you with a +0 dagger.
You die...

# #. ##... #...$
#.#.# #.#.# #@#.#
#K#.# # ####.≈
#J#.##.# ......
#g.....# ......
###.#####......
####..J...>.....≈≈≈≈
#.........#.....≈≈≈≈≈
..####J.#$......≈≈≈≈≈
##.##...[..≈≈≈≈≈


You could see an endoplasm, a hobgoblin and a kobold.

Vanquished Creatures
  A giant cockroach (D:1)
  A goblin (D:1)
  A ball python (D:1)
  2 kobolds (D:1)
5 creatures vanquished.

Notes
Turn   | Place    | Note
-------+----------+-------------------------------------------
     0 | D:1      | H0rd4k the Human Artificer began the quest for the Orb.
     0 | D:1      | Reached XP level 1. HP: 15/15 MP: 1/1
   381 | D:1      | Slain by a kobold

Illustrated notes

Levels and vault maps discovered:
D:1:      minmay_arrival_shoal_huts, layout_loops_cross, minmay_close_crescents

Action                   || total
-------------------------++-------
Melee: Club              ||    20
Armor: Leather armour    ||     5
Dodge: Dodged            ||    17
